 Dungeon Crawl Stone Soup version 0.23-a0-584-g44dd78f40d (webtiles) character file.

19308 GordonOverkill the Warrior (level 12, -15/153 HPs)
             Began as an Ogre Wizard on Dec 16, 2018.
             Was a Believer of Sif Muna.
             Hit by a javelin thrown by a minotaur (34 damage)
             ... in a Gauntlet on Dec 17, 2018.
             The game lasted 01:13:16 (25561 turns).

GordonOverkill the Warrior (Ogre Wizard)           Turns: 25561, Time: 01:13:16

Health: -15/153    AC:  9    Str: 11    XL:     12   Next: 67%
Magic:  0/24       EV: 10    Int: 23    God:    Sif Muna [**....]
Gold:   454        SH:  0    Dex:  7    Spells: 8/27 levels left

rFire    + . .     SeeInvis .   C - +4 spear "Renunipt" {vamp, Fragile rC+++ rN+++ Str-3}
rCold    + + +     Gourm    .   (no shield)
rNeg     + + +     Faith    .   B - +2 robe {rC+ rF+}
rPois    .         Spirit   .   y - +2 hat {MR+}
rElec    .         Reflect  .   c - +1 cloak {MR+}
rCorr    .         Harm     .   (gloves unavailable)
MR       ++++.     NoTele   +   (boots unavailable)
Stlth    ++........             (no amulet)
HPRegen  0.35/turn              n - ring of protection from magic
MPRegen  0.19/turn              (no ring)

@: no casting
A: large, unfitting armour, tough skin 1
a: Stop Divine Energy, Renounce Religion


You were in a Gauntlet.
You worshipped Sif Muna.
Sif Muna was pleased with you.
You were not hungry.

You visited 3 branches of the dungeon, and saw 14 of its levels.
You also visited: Gauntlet.

You collected 610 gold pieces.
You spent 156 gold pieces at shops.

Inventory:

Hand Weapons
 b - a +4 scimitar of flaming
 f - the +4 hunting sling of Rizeedi {venom, *Corrode Fragile rElec Dex+3}
   (You took it off an orc warrior on level 9 of the Dungeon)

   It poisons the ammo it fires.
   It affects your dexterity (+3).
   It insulates you from electricity.
   It may corrode you when you take damage.
   It will be destroyed if unequipped.
 l - a +1 whip of electrocution
 s - a +1 dagger of venom
 w - a +3 spear
 C - the +4 spear "Renunipt" (weapon) {vamp, Fragile rC+++ rN+++ Str-3}
   (You found it on level 8 of the Dungeon)

   It inflicts no extra harm, but heals its wielder when it wounds a living foe.
   It affects your strength (-3).
   It renders you almost immune to cold.
   It renders you almost immune to negative energy.
   It will be destroyed if unequipped.
 D - a +1 spear of venom
Missiles
 e - 426 stones
 g - 16 tomahawks (quivered)
 r - 150 sling bullets
Armour
 c - a +1 cloak of magic resistance (worn)
 y - a +2 hat of magic resistance (worn)
 B - a +2 robe of resistance (worn)
Jewellery
 a - the ring "Kuxa" {rC+ Str+7 Dex-4, unknown}
   (You found it in a Gauntlet)

   [ring of protection from cold]

   It affects your strength (+7).
   It affects your dexterity (-4).
   It protects you from cold.
 n - a ring of protection from magic (left hand)
Wands
 o - a wand of enslavement (10)
 t - a wand of polymorph (44)
 A - a wand of flame (11)
Scrolls
 h - a scroll of brand weapon {unknown}
 i - 5 scrolls of magic mapping
 m - 3 scrolls of teleportation
 E - a scroll of amnesia
 H - a scroll of identify
 I - 2 scrolls of remove curse
Potions
 j - a potion of agility
 k - a potion of cancellation
 q - 2 potions of magic
 u - a potion of mutation
 v - a potion of berserk rage {unknown}
 x - a potion of resistance
 z - a potion of haste
 J - a potion of might
Miscellaneous
 G - a lamp of fire (inert)
Comestibles
 d - 6 rations


   Skills:
 + Level 18.8 Fighting
 - Level 2.0 Dodging
 - Level 2.0 Stealth
 - Level 8.0 Spellcasting
 - Level 3.0 Conjurations
 - Level 4.0 Summonings
 - Level 4.0 Translocations
 - Level 3.0 Fire Magic
 + Level 5.1 Ice Magic
 - Level 6.0 Invocations


You had 8 spell levels left.
You knew the following spells:

 Your Spells              Type           Power        Failure   Level  Hunger
a - Magic Dart            Conj           ###.         1%          1    None
b - Call Imp              Summ           ####....     1%          2    None
c - Blink                 Tloc           N/A          1%          2    None
d - Conjure Flame         Conj/Fire      ###.....     6%          3    None
e - Mephitic Cloud        Conj/Pois/Air  ##......     14%         3    None
f - Summon Ice Beast      Ice/Summ       ####....     11%         4    ###....
g - Throw Icicle          Conj/Ice       ####....     13%         4    ###....

Your spell library contained the following spells:

 Spells                   Type           Power        Failure   Level  Hunger
 Freeze                   Ice            ####         1%          1    None
 Throw Frost              Conj/Ice       ####..       1%          2    None
 Ozocubu's Armour         Chrm/Ice       ###.....     7%          3    None
 Slow                     Hex            #.......     11%         2    None


Dungeon Overview and Level Annotations

Branches:
Dungeon (10/15)            Temple (1/1) D:7            Lair (3/6) D:10
 Spider (0/4) Lair:3          Orc (0/2) D:9
  Swamp: Lair:2-4    Shoals: Lair:2-4

Altars:
Ashenzari
Cheibriados
Dithmenos
Elyvilon
Fedhas
Gozag
Hepliaklqana
Kikubaaqudgha
Makhleb
Nemelex Xobeh
Okawaru
Qazlal
Ru
Sif Muna
Trog
Uskayaw
Vehumet
Wu Jian
Xom
Yredelemnul
Zin
The Shining One

Shops:
D:5 *:   D:8 [

Portals:
Ice
Cave: Lair:3

Annotations:
D:8 1 runed door, D1HalberdGnoll's ghost, novice DrFE
D:9 2 transporters
Lair:1 exclusion: oklob plant Gauntlet 12 transporters


Innate Abilities, Weirdness & Mutations

You are too large for most types of armour.
You have tough skin. (AC +1)


Message History

Casting: Summon Ice Beast (safe; 11% risk of failure)
Confirm with . or Enter, or press ? or * to list all spells.
You blink.
Sif Muna grants you divine energy.
You briefly lose access to your magic!
You regain access to your magic.
Casting: Blink (safe; 1% risk of failure)
Confirm with . or Enter, or press ? or * to list all spells.
Okay, then.
Unknown command.
Casting: Blink (safe; 1% risk of failure)
Confirm with . or Enter, or press ? or * to list all spells.
Aiming: Mephitic Cloud (safe; 14% risk of failure)
Press: ? - help, Shift-Dir - straight line The ball explodes into a vile cloud!
Sif Muna grants you divine energy.
You briefly lose access to your magic!
The minotaur is engulfed in noxious fumes.
The minotaur throws a javelin.
The javelin hits you!!
You die...

###8.#8. #.8### #....#.. #....#
#.#..#8. #..#.# #.#..##'##..#.#
#.......((..H.# #.#.##.#.##.#.#
#.#....#....#Y#
##########.#.#######H#.##########
................@...§............
.... .....©...........©..........
#################################
...............8⌠8...............
.................................
####.###########.###########.####
zzz#.##.s.©"as##.#Y≈YYY}≈..#.#...
.Pz#.#.#.....#s#.#^≈^≈...≈.#.#.#.
#zz#.#..#...#.s#.#.^≈^.^≈≈.#.#..#


You could see a minotaur.

Vanquished Creatures
  Gastronok (D:10)
  2 hydras
  3 death yaks
  A two-headed ogre (D:10)
  An unseen horror (D:10)
  Pikel (D:6)
  A komodo dragon (Lair:2)
  A troll (D:8)
  2 polar bears
  Grinder (D:3)
  A dream sheep (D:8)
  A slime creature (Gauntlet)
  2 hippogriffs
  2 flying skulls (Gauntlet)
  13 yaks
  A steam dragon (D:7)
  Menkaure (D:6)
  A water moccasin (Lair:2)
  3 orc warriors (D:9)
  A porcupine (Lair:1)
  2 ice beasts
  A black bear (D:6)
  A sky beast (D:6)
  A phantom (D:6)
  3 centaurs
  3 wolves
  3 crocodiles
  4 big kobolds
  A bullfrog (D:6)
  A jelly (D:10)
  A killer bee (D:9)
  A wight (D:6)
  6 electric eels
  3 crimson imps
  5 howler monkeys
  A bullfrog zombie (D:6)
  A hound (D:7)
  2 orc wizards
  4 worker ants
  A bullfrog simulacrum (D:9)
  7 gnolls
  6 adders
  A shadow imp (D:6)
  3 white imps (D:9)
  A worker ant simulacrum (D:9)
  An ufetubus (D:9)
  An adder zombie (D:3)
  An adder skeleton (D:6)
  A dart slug (D:1)
  5 leopard geckos
  16 orcs
  5 bats
  2 giant cockroaches
  10 goblins
  4 hobgoblins
  8 jackals
  10 kobolds
  2 quokkas
  2 ball pythons
  2 frilled lizards (D:2)
  A jackal skeleton (D:7)
  A leopard gecko zombie (D:8)
  A quokka simulacrum (D:9)
  6 rats
182 creatures vanquished.

Vanquished Creatures (collateral kills)
  Harold (D:7)
  A hydra (Lair:3)
  Erica (Lair:1)
  2 death yaks (D:10)
  Nergalle (Lair:2)
  3 spiny frogs (Lair:2)
  An ice devil (Gauntlet)
  2 slime creatures (Gauntlet)
  A dream sheep (D:8)
  3 hippogriffs
  12 yaks
  4 orc warriors
  A porcupine (Lair:1)
  A black bear (D:9)
  3 sky beasts
  2 ice beasts
  4 ogres
  2 wolves
  2 centaurs
  3 crocodiles (Lair:1)
  3 bullfrogs
  A gnoll sergeant (D:8)
  A scorpion (D:4)
  2 killer bees (D:9)
  3 wights (D:6)
  A bullfrog zombie (D:8)
  An orc priest (D:6)
  4 jellies
  Crazy Yiuf (D:6)
  Ijyb (D:5)
  2 iguanas
  5 orc wizards
  2 worker ants
  A killer bee zombie (D:9)
  A hound skeleton (D:7)
  10 gnolls
  4 adders
  2 ufetubi
  6 worms
  9 orcs
  A hobgoblin (D:9)
  4 jackals (D:5)
  A quokka (D:8)
  4 kobolds (D:10)
  A quokka simulacrum (D:9)
  A rat (D:3)
122 creatures vanquished.

Vanquished Creatures (others)
  A black bear (D:7)
  An orc wizard (D:7)
  A white imp (Gauntlet)
  11 fungi
  7 plants
  26 withered plants
47 creatures vanquished.

Grand Total: 351 creatures vanquished

Notes
Turn   | Place    | Note
-------+----------+-------------------------------------------
     0 | D:1      | GordonOverkill the Ogre Wizard began the quest for the Orb.
     0 | D:1      | Reached XP level 1. HP: 16/16 MP: 5/5
    82 | D:1      | Reached skill level 1 in Conjurations
   320 | D:1      | Reached XP level 2. HP: 26/26 MP: 2/6
   438 | D:1      | Reached skill level 1 in Fighting
  1091 | D:1      | Reached XP level 3. HP: 33/33 MP: 5/8
  1165 | D:1      | Learned a level 2 spell: Call Imp
  1168 | D:1      | Learned a level 2 spell: Blink
  1172 | D:1      | Learned a level 3 spell: Conjure Flame
  1305 | D:2      | Reached skill level 1 in Summonings
  1585 | D:2      | Found a basalt altar of Yredelemnul.
  1973 | D:2      | Reached XP level 4. HP: 42/42 MP: 3/10
  2561 | D:3      | Reached skill level 2 in Fighting
  2608 | D:3      | Found a sacrificial altar of Ru.
  2924 | D:3      | Noticed Grinder
  2958 | D:3      | Killed Grinder
  2958 | D:3      | Reached skill level 3 in Fighting
  2958 | D:3      | Reached XP level 5. HP: 53/53 MP: 1/12
  2958 | D:3      | Reached XP level 6. HP: 61/61 MP: 1/13
  3909 | D:4      | Found a blossoming altar of Fedhas.
  4631 | D:4      | Reached skill level 5 in Spellcasting
  4631 | D:4      | Reached XP level 7. HP: 55/68 MP: 2/14
  4909 | D:4      | Learned a level 3 spell: Mephitic Cloud
  4935 | D:5      | Entered Level 5 of the Dungeon
  4935 | D:5      | Found an ancient bone altar of Kikubaaqudgha.
  4969 | D:5      | Reached skill level 1 in Translocations
  5051 | D:5      | Found a white marble altar of Elyvilon.
  5075 | D:5      | Found Beunorau's Book Emporium.
  5121 | D:5      | Noticed Ijyb
  5136 | D:5      | Killed Ijyb
  5241 | D:5      | Reached skill level 4 in Fighting
  5534 | D:5      | Found Keogyh's Gadget Emporium.
  5615 | D:5      | Reached skill level 5 in Fighting
  5630 | D:5      | Identified a scroll of acquirement
  5654 | D:5      | Found Yjiesut's Assorted Antiques.
  5658 | D:5      | Bought a scroll labeled DOTIKL IGUUT for 27 gold pieces
  5658 | D:5      | Bought a fuming pink potion for 24 gold pieces
  5658 | D:5      | Bought a fizzy amethyst potion for 24 gold pieces
  5658 | D:5      | Bought a potion of curing for 81 gold pieces
  5701 | D:5      | Reached XP level 8. HP: 78/81 MP: 10/17
  5767 | D:5      | Found a shattered altar of Ashenzari.
  5767 | D:5      | Found a stormy altar of Qazlal.
  5772 | D:5      | Found a faded altar of an unknown god.
  5774 | D:5      | Found a hide-covered altar of Uskayaw.
  5776 | D:5      | Found a sparkling altar of Nemelex Xobeh.
  5810 | D:5      | Reached skill level 6 in Fighting
  6352 | D:6      | Reached skill level 7 in Fighting
  6433 | D:6      | Reached skill level 8 in Fighting
  6538 | D:6      | Reached skill level 9 in Fighting
  7171 | D:6      | Reached skill level 10 in Fighting
  7451 | D:6      | Reached XP level 9. HP: 84/102 MP: 14/18
  7842 | D:6      | Noticed Menkaure
  7858 | D:6      | Killed Menkaure
  7858 | D:6      | Reached skill level 11 in Fighting
  8289 | D:6      | Found a bloodstained altar of Trog.
  8441 | D:6      | Found a runed door.
  8664 | D:6      | Noticed Crazy Yiuf
  8671 | D:6      | Killed Crazy Yiuf
  8735 | D:7      | Upgraded the game from 0.23-a0-582-g1b4a0ca2fb to
                  | 0.23-a0-584-g44dd78f40d
  8882 | D:7      | Found a staircase to the Ecumenical Temple.
  9007 | Temple   | Entered the Ecumenical Temple
  9069 | Temple   | Became a worshipper of Sif Muna the Loreminder
  9561 | D:7      | Noticed Harold
  9597 | D:7      | Reached skill level 1 in Invocations
  9626 | D:7      | Killed Harold
  9626 | D:7      | Reached skill level 12 in Fighting
  9626 | D:7      | Reached skill level 1 in Fire Magic
 10173 | D:7      | Noticed Pikel
 10217 | D:6      | Killed Pikel
 10244 | D:6      | Reached XP level 10. HP: 52/117 MP: 0/20
 10663 | D:8      | Got a pitted spear
 10797 | D:8      | Identified the +4 spear "Renunipt" {vamp, Fragile rC+++
                  | rN+++ Str-3} (You found it on level 8 of the Dungeon)
 10824 | D:8      | Reached * piety under Sif Muna
 10861 | D:8      | Found a runed door.
 10861 | D:8      | Noticed D1HalberdGnoll's ghost (novice DrFE)
 11378 | D:8      | Reached skill level 13 in Fighting
 11628 | D:8      | Noticed a three-headed hydra
 11649 | D:8      | Killed a three-headed hydra
 11649 | D:8      | Reached skill level 5 in Invocations
 11927 | D:8      | Found Kicw's Armour Shop.
 12575 | D:9      | Found a transporter.
 12577 | D:9      | Noticed a death knight
 12579 | D:9      | Found an iron altar of Okawaru.
 12580 | D:9      | Noticed an orc high priest
 12582 | D:9      | Noticed a two-headed ogre
 12613 | D:9      | Reached skill level 14 in Fighting
 12887 | D:9      | Found a transporter.
 13287 | D:9      | Found a staircase to the Orcish Mines.
 14171 | D:9      | Found an opulent altar of Gozag.
 14388 | D:9      | Reached skill level 15 in Fighting
 14522 | D:9      | Identified the +4 hunting sling of Rizeedi {venom, *Corrode
                  | Fragile rElec Dex+3}
 14789 | D:9      | Reached XP level 11. HP: 53/132 MP: 7/21
 15096 | D:10     | Entered Level 10 of the Dungeon
 15156 | D:10     | Found a staircase to the Lair.
 15829 | D:9      | Reached skill level 16 in Fighting
 17077 | D:10     | Noticed Gastronok
 17087 | D:10     | Killed an unseen horror
 17093 | D:10     | Killed Gastronok
 17093 | D:10     | Reached skill level 17 in Fighting
 17642 | D:10     | Noticed a two-headed ogre
 17652 | D:10     | Killed a two-headed ogre
 17837 | Lair:1   | Entered Level 1 of the Lair of Beasts
 18146 | Lair:1   | Noticed Erica
 18161 | Lair:1   | Killed Erica
 18863 | Lair:1   | Learned a level 4 spell: Summon Ice Beast
 18868 | Lair:1   | Learned a level 4 spell: Throw Icicle
 18998 | Lair:1   | Noticed an oklob plant
 19981 | Lair:2   | Noticed a four-headed hydra
 19999 | Lair:2   | Killed a four-headed hydra
 19999 | Lair:2   | Reached ** piety under Sif Muna
 19999 | Lair:2   | Reached skill level 1 in Ice Magic
 19999 | Lair:2   | Reached XP level 12. HP: 79/150 MP: 1/24
 20508 | Lair:2   | Noticed Nergalle
 20685 | Lair:2   | Killed Nergalle
 20685 | Lair:2   | Reached skill level 18 in Fighting
 21130 | Lair:2   | Got a brightly glowing leather armour
 21238 | Lair:2   | Noticed a death yak
 21238 | Lair:2   | Noticed a death yak
 21238 | Lair:2   | Noticed a death yak
 21239 | Lair:2   | Noticed a death yak
 21264 | Lair:2   | Noticed a death yak
 21897 | Lair:2   | Killed a death yak
 22640 | Lair:1   | Killed a death yak
 22892 | D:10     | Killed a death yak
 23334 | D:10     | Killed a death yak
 23622 | D:10     | Killed a death yak
 24013 | Lair:3   | Noticed a five-headed hydra
 24020 | Lair:3   | Killed a five-headed hydra
 24078 | Lair:3   | Found a gate leading to a gauntlet.
 24103 | Lair:3   | Found a frozen archway.
 24149 | Gauntlet | Entered a Gauntlet
 24149 | Gauntlet | Found a transporter.
 24290 | Gauntlet | Found a transporter.
 24318 | Gauntlet | Found a transporter.
 24326 | Gauntlet | Found a transporter.
 24346 | Gauntlet | Found a transporter.
 24362 | Gauntlet | Found a transporter.
 24398 | Gauntlet | Found a transporter.
 24398 | Gauntlet | Noticed an entropy weaver
 24410 | Gauntlet | Found a transporter.
 24410 | Gauntlet | Noticed a death yak
 24411 | Gauntlet | Noticed a death yak
 24412 | Gauntlet | Noticed a death yak
 24413 | Gauntlet | Noticed a death yak
 24422 | Gauntlet | Found a transporter.
 24422 | Gauntlet | Noticed a blizzard demon
 24434 | Gauntlet | Found a transporter.
 24437 | Gauntlet | Noticed a death scarab
 24438 | Gauntlet | Noticed a death scarab
 24453 | Gauntlet | Found a transporter.
 24472 | Gauntlet | Found a transporter.
 24474 | Gauntlet | Found a transporter.
 24508 | Gauntlet | Found a transporter.
 24511 | Gauntlet | Found a transporter.
 24511 | Gauntlet | Found a transporter.
 24511 | Gauntlet | Found a transporter.
 24522 | Gauntlet | Found a transporter.
 24544 | Gauntlet | Reached skill level 5 in Ice Magic
 25097 | Gauntlet | Got a vibrating iron ring
 25524 | Gauntlet | Identified the +4 war axe of Dykleuw {pain, rElec rF-
                  | Int+2}
 25524 | Gauntlet | Noticed a minotaur
 25561 | Gauntlet | Hit by a javelin thrown by a minotaur

Vault maps used:
D:1:      saegor_arrival_simple_e
D:2:      yredelemnul_altar_generic
D:3:      nicolae_ru_sacrificial_ziggurat, serial_glass, glass_columns_a,
          glass_columns_a, uniq_grinder
D:4:      lemuel_doored_altar, first_ration
D:5:      grunt_temple_overflow_open, chequers_temple_overflow_minitemple,
          serial_shops, shop, shop, shop, chequers_big_river,
          hangedman_decor_opposing, uniq_ijyb
D:6:      lightli_temple_of_fire, serial_park_tiny_2, chequers_mini_garden,
          nicolae_underground_beach, uniq_crazy_yiuf_cottage, uniq_menkaure
D:7:      minmay_temple_entry_sparse_star, uniq_pikel, uniq_harold
D:8:      gammafunk_ghost_grave, serial_shops, shop, hangedman_ranch
D:9:      lemuel_round_altar, gammafunk_temple_overflow_arena, erik_orc_3,
          serial_ice, serial_ice_d, serial_ice_i, serial_ice_f, serial_ice_a,
          serial_ice_n, serial_ice_h
D:10:     david_lair_generic, uniq_gastronok
Temple:   cyrus_temple_forest
Lair:1:   serial_bayou, serial_bayou_shore_b, serial_bayou_pond_a,
          serial_bayou_lagoon_a, serial_bayou_pond_a, serial_bayou_pond_d,
          serial_bayou_shore_a, beast_lair_carwin_3, minmay_lair_oklob_chamber,
          uniq_erica
Lair:2:   uniq_nergalle
Lair:3:   cheibrodos_lair_river_kwai, nicolae_spider_entry_orb_guardian,
          gauntlet_entry_generic, portal_ice_cave_entry_ice_beasts, uniq_sonja
Gauntlet: gammafunk_gauntlet_one_two_three

Skill      XL: |  1  2  3  4  5  6  7  8  9 10 11 12 |
---------------+-------------------------------------+-----
Conjurations   | 1 2 3 |  3.0
Dodging        | 2 |  2.0
Fighting       | 1 3 5 10 12 15 17 18 | 18.8
Summonings     | 1 3 4 |  4.0
Spellcasting   | 4 5 6 7 8 |  8.0
Stealth        | 2 |  2.0
Translocations | 1 2 3 4 |  4.0
Invocations    | 3 5 6 |  6.0
Fire Magic     | 2 3 |  3.0
Ice Magic      | 1 5 |  5.1

Action                   |  1- 3 |  4- 6 |  7- 9 | 10-12 || total
-------------------------+-------+-------+-------+-------++-------
Melee: Whip              |    26 |    12 |     2 |       ||    40
       Spear             |       |       |   285 |   692 ||   977
 Cast: Magic Dart        |    66 |    56 |    68 |    76 ||   266
       Call Imp          |     5 |    30 |   135 |   175 ||   345
       Mephitic Cloud    |       |       |       |    43 ||    43
       Conjure Flame     |       |       |       |    42 ||    42
       Blink             |       |       |       |    19 ||    19
       Throw Icicle      |       |       |       |    17 ||    17
       Summon Ice Beast  |       |       |       |    74 ||    74
Invok: Divine Energy     |       |       |       |     1 ||     1
Evoke: Wand              |       |     2 |     3 |    18 ||    23
       Lamp of fire      |       |       |       |     1 ||     1
  Use: Potion            |     1 |       |     3 |    12 ||    16
       Scroll            |       |     8 |     9 |     5 ||    22
 Stab: Distracted        |       |       |     4 |     7 ||    11
       Confused          |       |       |       |     5 ||     5
  Eat: Chunk             |     3 |     8 |     7 |    12 ||    30
       Ration            |       |       |     3 |    15 ||    18
Armor: Robe              |    10 |    10 |   143 |   221 ||   384
       Skin              |       |       |     3 |     2 ||     5
Dodge: Dodged            |    21 |    14 |   143 |   361 ||   539

Table legend:
 A = Non-vault XP
 B = Vault XP
 C = Vault XP percentage of total XP
 D = Non-vault monster count
 E = Vault monster count
 F = Vault count percentage of total count
                 A         B        C        D         E       F
            +---------+---------+-------+---------+---------+-------
      Total |   16433 |   11151 |  40.4 |     234 |      71 |  23.3
            +---------+---------+-------+---------+---------+-------
        D:1 |      34 |       0 |   0.0 |      19 |       0 |   0.0
        D:2 |      52 |       0 |   0.0 |      19 |       0 |   0.0
        D:3 |      61 |     276 |  81.9 |      15 |       1 |   6.2
        D:4 |     208 |       0 |   0.0 |      17 |       0 |   0.0
        D:5 |     720 |      18 |   2.4 |      26 |       1 |   3.7
        D:6 |    1272 |     635 |  33.3 |      29 |       3 |   9.4
        D:7 |     797 |     638 |  44.5 |      25 |       1 |   3.8
        D:8 |     614 |    2490 |  80.2 |      21 |      14 |  40.0
        D:9 |    1122 |    1717 |  60.5 |      13 |      31 |  70.5
       D:10 |    5107 |    2311 |  31.2 |      23 |       3 |  11.5
     Lair:1 |    1594 |    1295 |  44.8 |      11 |       9 |  45.0
     Lair:2 |    4008 |     606 |  13.1 |      15 |       1 |   6.2
     Lair:3 |     844 |       0 |   0.0 |       1 |       0 |   0.0
   Gauntlet |       0 |    1165 | 100.0 |       0 |       7 | 100.0
            +---------+---------+-------+---------+---------+-------
